 Dungeon Crawl Stone Soup version 0.20-a0-864-g92acfd1 (webtiles) character file.

223 nikopol the Magician (level 5, -3/28 HPs)
             Began as a Deep Elf Fire Elementalist on Mar 12, 2017.
             Slain by Yehuk's ghost (11 damage)
             ... on level 4 of the Dungeon.
             The game lasted 00:17:19 (2953 turns).

nikopol the Magician (Deep Elf Fire Elementalist)   Turns: 2953, Time: 00:17:21

Health: -3/28      AC:  2    Str:  5    XL:     5   Next: 66%
Magic:  0/14       EV: 14    Int: 21    God:
Gold:   175        SH:  0    Dex: 15    Spells: 2/13 levels left

rFire    . . .     SeeInvis .   e - +0 dagger
rCold    . . .     Gourm    .   a - +0 robe
rNeg     . . .     Faith    .   (no shield)
rPois    .         Spirit   .   (no helmet)
rElec    .         Reflect  .   (no cloak)
rCorr    .         Harm     .   (no gloves)
MR       .....                  (no boots)
Stlth    ++........             (no amulet)
Regen    0.1/turn               (no ring)
MPRegen  0.2/turn               (no ring)

@: no status effects
A: no striking features
a: no special abilities


You were on level 4 of the Dungeon.
You were not hungry.

You visited 1 branch of the dungeon, and saw 4 of its levels.

You collected 175 gold pieces.

Inventory:

Hand Weapons
 e - a +0 dagger (weapon)
Missiles
 t - 69 stones (quivered)
Armour
 a - a +0 robe (worn)
Scrolls
 f - 2 scrolls of identify {unknown}
 h - 5 scrolls of remove curse {unknown}
 i - a scroll of magic mapping {unknown}
 j - a scroll of enchant weapon {unknown}
 k - 2 scrolls of amnesia {unknown}
 n - 3 scrolls of recharging {unknown}
 r - 4 scrolls of teleportation {unknown}
Potions
 d - 2 potions of heal wounds {unknown}
 l - 2 potions of lignification {unknown}
 m - 2 potions of resistance {unknown}
 o - a potion of flight {unknown}
 p - a potion of curing {unknown}
Books
 b - a book of Flames

   Spells                             Type                      Level
   a - Flame Tongue                   Conjuration/Fire             1
   b - Throw Flame                    Conjuration/Fire             2
   c - Conjure Flame                  Conjuration/Fire             3
   d - Inner Flame                    Hexes/Fire                   3
   e - Sticky Flame                   Conjuration/Fire             4
   f - Fireball                       Conjuration/Fire             5
Comestibles
 c - 4 bread rations
 g - 4 royal jellies
 q - 3 fruits
 s - 2 chunks of flesh


   Skills:
 + Level 4.2 Dodging
 - Level 3.0 Stealth
 + Level 4.8 Spellcasting
 + Level 2.5 Conjurations
 + Level 4.4 Fire Magic


You had 2 spell levels left.
You knew the following spells:

 Your Spells              Type           Power        Failure   Level  Hunger
a - Flame Tongue          Conj/Fire      ###..        2%          1    None
b - Throw Flame           Conj/Fire      ###...       4%          2    None
c - Conjure Flame         Conj/Fire      ###.....     10%         3    ##.....
d - Fireball              Conj/Fire      ###.......   78%         5    #####..


Dungeon Overview and Level Annotations

Branches:
Dungeon (4/15)
 Temple: D:4-7

Altars:
Sif Muna
Vehumet

Annotations:
D:4 exclusion: statue, Yehuk's ghost, amateur DDFi


Message History

The flame tongue hits Yehuk's ghost.
Yehuk's ghost appears unharmed.
Yehuk's ghost is heavily damaged.
Yehuk's ghost misses you.
Casting: Flame Tongue
Confirm with . or Enter, or press ? or * to list all spells.
Aiming: Flame Tongue
Press: ? - help, Shift-Dir - straight line, f/p - Yehuk's ghost
Aim: Yehuk's ghost (heavily damaged)
The flame tongue hits Yehuk's ghost.
Yehuk's ghost is severely damaged.
Yehuk's ghost misses you.
Casting: Flame Tongue
Confirm with . or Enter, or press ? or * to list all spells.
Aiming: Flame Tongue
Press: ? - help, Shift-Dir - straight line, f/p - Yehuk's ghost
Aim: Yehuk's ghost (severely damaged)
The flame tongue hits Yehuk's ghost.
Yehuk's ghost is severely damaged.
Yehuk's ghost hits you!
You die...

###### #....# ### #(...#
#.. #....# #.#######
+..[.# #.#......
#....###### #....._.8
##'##.....# #.#
#...#.....# #.#########..
+...#....)###.@W§........
#...#....)##...##..###...
###...###+##).......##
......#......#....###
......#......+....#
#+##..#####'##....#
#.##<.#.......#####
......'.......#
......#.......#


You could see Yehuk's ghost.

Vanquished Creatures
  A scorpion (D:4)
  2 orc wizards (D:3)
  An adder (D:3)
  5 worms
  A dart slug (D:3)
  4 leopard geckos
  10 orcs
  A ball python (D:3)
  6 giant cockroaches
  11 goblins
  10 hobgoblins
  2 jackals (D:3)
  3 quokkas
  4 bats
  4 frilled lizards
  3 kobolds (D:1)
  8 rats
76 creatures vanquished.

Notes
Turn   | Place    | Note
-------+----------+-------------------------------------------
     0 | D:1      | nikopol the Deep Elf Fire Elementalist began the quest for the Orb.
     0 | D:1      | Reached XP level 1. HP: 10/10 MP: 6/6
   220 | D:1      | Reached XP level 2. HP: 15/15 MP: 6/8
   317 | D:1      | Learned a level 2 spell: Throw Flame
   951 | D:2      | Reached XP level 3. HP: 19/19 MP: 5/9
  1126 | D:2      | Learned a level 3 spell: Conjure Flame
  1724 | D:3      | Reached XP level 4. HP: 24/24 MP: 7/11
  2200 | D:3      | Found a deep blue altar of Sif Muna.
  2214 | D:3      | Reached XP level 5. HP: 22/28 MP: 6/13
  2221 | D:3      | Learned a level 5 spell: Fireball
  2353 | D:3      | Found a deep blue altar of Sif Muna.
  2711 | D:4      | Found a radiant altar of Vehumet.
  2711 | D:4      | Noticed a charred statue
  2737 | D:4      | Noticed Yehuk's ghost (amateur DDFi)
  2953 | D:4      | Slain by Yehuk's ghost

Vault maps used:
D:1:      lightli_arrival_boilingwater
D:2:      first_bread
D:3:      marbit_many_paths, kennysheep_pointless_box,
          hangedman_abyss_or_decor_stabs, led_sif_book
D:4:      vehumet_statue, serial_shops, kennysheep_little_box,
          corexii_checkpoint_b, uniq_pikel, uniq_natasha, uniq_menkaure

Skill      XL: |  1  2  3  4  5 |
---------------+----------------+-----
Dodging        | 3 4 |  4.2
Stealth        | 3 |  3.0
Fire Magic     | 4 |  4.4
Spellcasting   | 4 |  4.8
Conjurations   | 2 |  2.5

Action                   |  1- 3 |  4- 6 || total
-------------------------+-------+-------++-------
Melee: Dagger            |     4 |     9 ||    13
 Cast: Flame Tongue      |    71 |    72 ||   143
       Throw Flame       |     7 |     8 ||    15
       Conjure Flame     |       |     1 ||     1
  Eat: Chunk             |     2 |     4 ||     6
Armor: Robe              |     3 |     4 ||     7
Dodge: Dodged            |    12 |    20 ||    32
